 Dungeon Crawl Stone Soup version 0.30-a0-4-ga7cffc901d (webtiles) character file.

Game seed: 923825594562199142

9 ytrimaz the Insei (level 2, 21/21 HPs)
             Began as a Demonspawn Transmuter on Aug 22, 2022.
             Was a Follower of Dithmenos.
             Quit the game on level 1 of the Dungeon.
             The game lasted 00:00:41 (489 turns).

ytrimaz the Insei (Demonspawn Transmuter)            Turns: 489, Time: 00:00:41

Health: 21/21      AC:  2    Str: 10    XL:     2   Next: 3%
Magic:  5/5        EV: 12    Int: 14    God:    Dithmenos [*.....]
Gold:   11         SH:  0    Dex: 13    Spells: 4/5 levels left

rFire   . . .      SeeInvis .      - Unarmed
rCold   . . .      Faith    .    (no shield)
rNeg    . . .      Spirit   .    a - +0 robe
rPois   .          Reflect  .    (helmet restricted)
rElec   .          Harm     .    (no cloak)
rCorr   .          Rampage  .    (no gloves)
Will    .....                    (no boots)
Stlth   +.........               (no amulet)
HPRegen 0.07/turn                (no ring)
MPRegen 0.09/turn                (no ring)

@: wreathed by umbra
A: antennae 1
a: Renounce Religion


You were on level 1 of the Dungeon.
You worshipped Dithmenos.
Dithmenos was aware of your devotion.
You visited 1 branch of the dungeon, and saw 1 of its levels.

You collected 11 gold pieces.

Inventory:

Armour
 a - a +0 robe (worn)
Scrolls
 e - a scroll of identify {unknown}
Potions
 b - a potion of lignification
 c - a potion of flight {unknown}
 d - a potion of curing {unknown}


   Skills:
 + Level 1.2 Fighting
 - Level 1.7 Dodging
 + Level 3.1 Unarmed Combat
 - Level 2.0 Spellcasting
 - Level 1.7 Transmutations


You had 4 spell levels left.
You knew the following spells:

 Your Spells              Type           Power      Damage    Failure   Level
a - Beastly Appendage     Tmut           12%        N/A       12%         1

Your spell library contained the following spells:

 Spells                   Type           Power      Damage    Failure   Level
 Wereblood                Tmut           6%         N/A       17%         2
 Spider Form              Tmut/Pois      3%         N/A       45%         3
 Ice Form                 Ice/Tmut       3%         N/A       86%         4


Dungeon Overview and Level Annotations

Branches:
Dungeon (1/15)

Altars:
Dithmenos


Innate Abilities, Weirdness & Mutations

You have a pair of small antennae on your head.


Message History

You grow a pair of large bovine horns.
Your feet morph into talons.
The rat bites you but does no damage.
You hit the rat.
You kill the rat!
You have reached level 2!
Your demonic ancestry asserts itself...
The horns on your head shrink a bit. The horns on your head shrink away.
A pair of antennae grows on your head!
Your transformation is almost over.
Your talons disappear.
Found a helmet.
Found a faded altar of an unknown god.
A rat comes into view.
Found a gold piece.
A rat is nearby!
A rat is nearby!
Found a scroll labelled KITHRO QO QUPS and a scroll labelled XEULAM KIRGH.
The rat closely misses you.
You barely miss the rat. The rat bites you.
You hit the rat but do no damage. The rat misses you.
You hit the rat.
You kill the rat!
Found a scroll labelled FYSAST PEOLLOPH.
A bat comes into view.
A bat is nearby!
A bat is nearby!
You enter the shallow water.
Moving in this stuff is going to be slow.
The bat barely misses you. The bat closely misses you.
There is a faded altar of an unknown god here.
You see here a gold piece.
You cannot tell which god this altar belongs to.
Convert to them anyway? [Y]es or [N]o only, please.
You cannot tell which god this altar belongs to.
Convert to them anyway?
Dithmenos accepts your prayer! Dithmenos welcomes you!
You are shrouded in an aura of darkness!
The bat misses you.
Are you sure you want to abandon this character and quit the game? (Confirm with "yes".)

#.##.#.....#
............ ...
#.##.#...#.# #.#.# #
#..........# #.#.#.#
####.#.#.#.# #?#.#.##
####.#.......#.#.#..#
#....#.###.#.#......#
#.####..[....b.~~~..#
#.# #..##.###.~@$?.#
#.# #..#......~~~.##
#.####..#..........#
#.......##.#######?#
#######............#
............########
#######.....# #.###.#
#.# .#


You could see a bat.

Vanquished Creatures
  A giant cockroach (D:1)
  2 hobgoblins (D:1)
  A kobold (D:1)
  A ball python (D:1)
  A bat (D:1)
  3 rats (D:1)
9 creatures vanquished.

Notes
Turn   | Place    | Note
-------+----------+-------------------------------------------
     0 | D:1      | ytrimaz the Demonspawn Transmuter began the quest for the
                  | Orb.
     0 | D:1      | Reached XP level 1. HP: 15/15 MP: 3/3
   365 | D:1      | Reached skill level 3 in Unarmed Combat
   443 | D:1      | Lost mutation: You have a pair of horns on your head.
                  | [demonic ancestry]
   443 | D:1      | Lost mutation: You have a pair of small horns on your head.
                  | [demonic ancestry]
   443 | D:1      | Gained mutation: You have a pair of small antennae on your
                  | head. [demonic ancestry]
   443 | D:1      | Reached XP level 2. HP: 21/21 MP: 3/5
   475 | D:1      | Found a faded altar of an unknown god.
   488 | D:1      | Prayed at the altar of an unknown god.
   488 | D:1      | Became a worshipper of Dithmenos the Shadowed
   488 | D:1      | Reached * piety under Dithmenos
   489 | D:1      | Quit the game

Illustrated notes

Levels and vault maps discovered:
D:1:      nicolae_arrival_washed_ashore, layout_basic,
          hellmonk_ecumenical_altar_pennies_from_heaven

Skill      XL: |  1 |
---------------+----+-----
Unarmed Combat | 3 |  3.1
Fighting       | |  1.2
Dodging        | |  1.7
Spellcasting   | |  2.0
Transmutations | |  1.7

Action                   || total
-------------------------++-------
Melee: Unarmed           ||    28
       Headbutt          ||     5
       Kick              ||     2
 Cast: Beastly Appendage ||     7
  Use: Scroll            ||     3
Armor: Robe              ||     4
Dodge: Dodged            ||    30

Table legend: (Time is in decaauts)
 A = Elapsed time spent in this place.
 B = Non-inter-level travel time spent in this place.
 C = Inter-level travel time spent in this place.
 D = Time resting spent in this place.
 E = Time spent auto-exploring this place.
 F = Levels seen in this place.
 G = Mean time per level.
                   A        B        C        D        E       F      G
               +--------+--------+--------+--------+--------+-----+--------+
         Total |    488 |    488 |      0 |     32 |    366 |   1 |  488.0 |
       Dungeon |    488 |    488 |      0 |     32 |    366 |   1 |  488.0 |
               +--------+--------+--------+--------+--------+-----+--------+

Top non-repeatable levels by time:
     D:1: 488 daAuts
